 Dungeon Crawl Stone Soup version 0.21.1-1-g345015f (webtiles) character file.

249 diana the Insei (level 5, 0/41 HPs)
             Began as a Demonspawn Gladiator on May 31, 2018.
             Succumbed to Sigmund's poison
             ... on level 2 of the Dungeon.
             The game lasted 00:03:11 (2094 turns).

diana the Insei (Demonspawn Gladiator)              Turns: 2094, Time: 00:03:12

Health: 0/41       AC:  5    Str: 15    XL:     5   Next: 87%
Magic:  5/5        EV: 13    Int:  9    God:
Gold:   31         SH:  0    Dex: 15    Spells: 4/4 levels left

rFire    . . .     SeeInvis .     - Unarmed
rCold    . . .     Gourm    .   (no shield)
rNeg     . . .     Faith    .   a - +0 leather armour
rPois    .         Spirit   .   (helmet restricted)
rElec    .         Reflect  .   (no cloak)
rCorr    .         Harm     .   (no gloves)
MR       .....     Rnd*Tele +   (no boots)
Stlth    +.........             (no amulet)
HPRegen  0.13/turn              j - ring of teleportation (curse)
MPRegen  0.09/turn              (no ring)

@: lethally poisoned (0 -> -14)
A: horns 1, iridescent scales 1
a: no special abilities


You were on level 2 of the Dungeon.
You were not hungry.

You visited 1 branch of the dungeon, and saw 2 of its levels.

You collected 31 gold pieces.

Inventory:

Missiles
 c - 3 throwing nets (quivered)
Armour
 a - a +0 leather armour (worn)
 b - a +0 helmet
Jewellery
 j - a cursed ring of teleportation (left hand)
Scrolls
 e - 2 scrolls of fear {unknown}
 g - 3 scrolls of enchant armour {unknown}
 h - a scroll of fog {unknown}
 i - 2 scrolls of magic mapping {unknown}
 l - 2 scrolls of identify {unknown}
Potions
 f - a potion of invisibility
Comestibles
 d - 4 rations


   Skills:
 + Level 3.4 Fighting
 - Level 1.7 Throwing
 + Level 3.8 Dodging
 * Level 4.7 Unarmed Combat


You had 4 spell levels left.
You didn't know any spells.

Dungeon Overview and Level Annotations

Branches:
Dungeon (2/15)

Altars:


Innate Abilities, Weirdness & Mutations

You have a pair of small horns on your head.
You are partially covered in iridescent scales. (AC +2)


Message History

* * * LOW HITPOINT WARNING * * *
You feel sick.
You catch the helpless Sigmund completely off-guard!
You hit Sigmund.
You kill Sigmund!
Your Fighting skill increases to level 3!
Your Unarmed Combat skill increases to level 4!
You have reached level 5!
Your demonic ancestry asserts itself...
Iridescent scales grow over part of your body.
* * * LOW HITPOINT WARNING * * *
You feel sick.
It was a potion of cancellation.
Your magical effects are unravelling.
You feel magically purged.
Your magical contamination has completely faded away.
You flicker back into view.
* * * LOW HITPOINT WARNING * * *
You feel sick.
You die...

.##......# .####.####
......########
######........ #.##.##.#
#.##.##.# .. ####.#
..#.# .... ##.##.#
#.#.######.....
##.#.#.###.#.##.@.......
..###...............#...
.## ##.#................
..###..............#####
.#.#.#......(.#....#
.##...........####.#
.#####..##.#### .#
.#####..#### .#
........#


There were no monsters in sight!

Vanquished Creatures
  Sigmund (D:2)
  3 adders (D:2)
  An ooze (D:2)
  A worm (D:2)
  3 dart slugs
  6 leopard geckos
  A giant cockroach (D:2)
  7 goblins (D:1)
  3 hobgoblins
  6 jackals (D:1)
  2 kobolds
  2 ball pythons (D:1)
  4 bats (D:1)
  A frilled lizard (D:2)
  6 rats
47 creatures vanquished.

Notes
Turn   | Place    | Note
-------+----------+-------------------------------------------
     0 | D:1      | diana the Demonspawn Gladiator began the quest for the Orb.
     0 | D:1      | Reached XP level 1. HP: 16/16 MP: 1/1
    72 | D:1      | Reached skill level 3 in Unarmed Combat
    72 | D:1      | Gained mutation: You have a pair of small horns on your head. [demonic ancestry]
    72 | D:1      | Reached XP level 2. HP: 10/22 MP: 2/2
   718 | D:1      | Reached XP level 3. HP: 28/28 MP: 3/3
  1466 | D:2      | Reached XP level 4. HP: 16/34 MP: 4/4
  2072 | D:2      | Noticed Sigmund
  2092 | D:2      | Killed Sigmund
  2092 | D:2      | Reached skill level 4 in Unarmed Combat
  2092 | D:2      | Gained mutation: You are partially covered in iridescent scales. (AC +2) [demonic ancestry]
  2092 | D:2      | Reached XP level 5. HP: 4/41 MP: 5/5
  2093 | D:2      | HP: 2/41 [poisoned by Sigmund]
  2094 | D:2      | Succumbed to Sigmund's poison

Skill      XL: |  1  2  3  4 |
---------------+-------------+-----
Unarmed Combat | 3 4 |  4.7
Dodging        | 3 |  3.8
Fighting       | 3 |  3.4
Throwing       | |  1.7

Action                   |  1- 3 |  4- 6 || total
-------------------------+-------+-------++-------
Melee: Unarmed           |   141 |    43 ||   184
       Headbutt          |    17 |     6 ||    23
       Punch             |     1 |     1 ||     2
  Use: Potion            |       |     2 ||     2
 Stab: Invisible         |       |     3 ||     3
       Sleeping          |       |     2 ||     2
  Eat: Chunk             |     1 |     3 ||     4
Armor: Leather armour    |    54 |     5 ||    59
Dodge: Dodged            |   118 |    24 ||   142
